 Dungeon Crawl Stone Soup version 0.28.0-45-g0d030f2227 (webtiles) character file.

Game seed: 7237116271727325632

21 pkoi the Sneak (level 2, -1/24 (25) HPs)
             Began as a Demigod Delver on Apr 19, 2022.
             Slain by a necrophage (2 damage)
             ... on level 4 of the Dungeon.
             The game lasted 00:01:01 (347 turns).

pkoi the Sneak (Demigod Delver)                      Turns: 347, Time: 00:01:02

HP:   -1/24 (25)    AC:  3    Str: 13    XL:     2   Next: 45%
MP:   4/4           EV: 11    Int: 12    God:
Gold: 10            SH:  0    Dex: 15    Spells: 1/1 levels left

rFire   . . .      SeeInvis .   h - +0 hunting sling
rCold   . . .      Faith    .   (no shield)
rNeg    . . .      Spirit   .   a - +0 leather armour
rPois   .          Reflect  .   (no helmet)
rElec   .          Harm     .   (no cloak)
rCorr   .          Rampage  .   (no gloves)
Will    .....                   (no boots)
Stlth   +++.......              (no amulet)
HPRegen 0.08/turn               (no ring)
MPRegen 0.09/turn               (no ring)

@: lightly drained
A: high MP 1, forlorn, divine attributes
a: no special abilities


You were on level 4 of the Dungeon.
You visited 1 branch of the dungeon, and saw 2 of its levels.

You collected 10 gold pieces.

Inventory:

Hand Weapons
 h - a +0 hunting sling (weapon)
Missiles
 i - 22 sling bullets (quivered ammo)
Armour
 a - a +0 leather armour (worn)
Jewellery
 g - a ring of fire
Wands
 f - a wand of digging (3)
Scrolls
 b - a scroll of fog
 c - a scroll of magic mapping
 d - a scroll of fear
Potions
 e - a potion of haste


   Skills:
 - Level 2.6 Fighting
 - Level 1.7 Dodging
 - Level 4.5 Stealth
 + Level 3.0 Unarmed Combat


You had one spell level left.
You didn't know any spells.
Your spell library was empty.

Dungeon Overview and Level Annotations

Branches:
Dungeon (5/15)
 Temple: D:4-7


Innate Abilities, Weirdness & Mutations

You have an increased reservoir of magic. (+10% MP)
You shall have no god before yourself.
Your divine heritage dramatically boosts your attributes as you level up.


Message History

Aim: a necrophage (59% to hit)
You shoot a sling bullet.
The sling bullet hits the necrophage but does no damage.
The necrophage hits you but does no damage.
Fire: 27 sling bullets
Press: ? - help, Q - select action Shift-Dir - straight line, f/p - necrophage
Aim: a necrophage (59% to hit)
You shoot a sling bullet.
The sling bullet hits the necrophage but does no damage.
The necrophage closely misses you.
Fire: 26 sling bullets
Press: ? - help, Q - select action Shift-Dir - straight line, f/p - necrophage
Aim: a necrophage (59% to hit)
You shoot a sling bullet.
The sling bullet hits the necrophage but does no damage.
The necrophage hits you but does no damage.
Fire: 25 sling bullets
Press: ? - help, Q - select action Shift-Dir - straight line, f/p - necrophage
Aim: a necrophage (59% to hit)
You shoot a sling bullet. The sling bullet hits the necrophage.
The necrophage is lightly damaged.
The necrophage barely misses you.
Fire: 24 sling bullets
Press: ? - help, Q - select action Shift-Dir - straight line, f/p - necrophage
Aim: a necrophage (lightly damaged, 59% to hit)
You shoot a sling bullet. The sling bullet hits the necrophage.
The necrophage is lightly damaged.
The necrophage hits you.
* * * LOW HITPOINT WARNING * * *
The necrophage hits you.
* * * LOW HITPOINT WARNING * * *
You feel drained.
* * * LOW HITPOINT WARNING * * *
Fire: 23 sling bullets
Press: ? - help, Q - select action Shift-Dir - straight line, f/p - necrophage
Aim: a necrophage (lightly damaged, 59% to hit)
You shoot a sling bullet. The sling bullet hits the necrophage.
The necrophage is moderately damaged.
The necrophage hits you.
You die...

######### #
#.......# #
#..@....# #
#..n)...# #######
#.......# #....##
#####...# #......
#...# #.##.##
#####...# ##>.....
#.......# #.......
#.$.....# #...#.#.
#.......#####...#...


You could see a necrophage.

Vanquished Creatures
  A hound skeleton (D:4)
  A dart slug (D:4)
  A ball python (D:4)
  A goblin (D:4)
  A kobold (D:4)
  A quokka (D:4)
6 creatures vanquished.

Notes
Turn   | Place    | Note
-------+----------+-------------------------------------------
     0 | D:5      | pkoi the Demigod Delver began the quest for the Orb.
     0 | D:5      | Reached XP level 1. HP: 18/18 MP: 3/3
   186 | D:4      | Reached XP level 2. HP: 5/25 MP: 4/4
   330 | D:4      | Noticed a necrophage
   346 | D:4      | HP: 1/24 [necrophage (1)]
   347 | D:4      | Slain by a necrophage

Illustrated notes

Levels and vault maps discovered:
D:4:      layout_basic, minmay_temple_entry_junction, portal_sewer_entry_f,
          corexii_leaking_fountain
D:5:      layout_rooms, grunt_ministairs_12

Skill      XL: |  1  2 |
---------------+-------+-----
Unarmed Combat | 2 3 |  3.0
Fighting       | |  2.6
Dodging        | |  1.7
Stealth        | |  4.5

Action                   || total
-------------------------++-------
Melee: Unarmed           ||    29
 Fire: Hunting sling     ||     6
  Use: Scroll            ||     1
Armor: Leather armour    ||    10
Dodge: Dodged            ||    17
